 Dungeon Crawl Stone Soup version 0.27.0-1-g7a089689b8 (webtiles) character file.

Game seed: 17730482755088137276

9113 rogsnak the Destroyer (level 11, -8/75 HPs)
             Began as a Demonspawn Fire Elementalist on Aug 1, 2021.
             Was a Priest of Sif Muna.
             Killed from afar by a rakshasa (34 damage)
             ... with a lance of force
             ... on level 11 of the Dungeon.
             The game lasted 00:35:50 (13329 turns).

rogsnak the Destroyer (DsFE)                       Turns: 13329, Time: 00:35:50

Health: -8/75      AC:  7    Str:  9    XL:     11   Next: 18%
Magic:  0/23       EV: 13    Int: 19    God:    Sif Muna [***...]
Gold:   664        SH:  4    Dex: 14    Spells: 9/27 levels left

rFire    + . .     SeeInvis .   T - +7 great sword (freeze)
rCold    . . .     Faith    .   (shield currently unavailable)
rNeg     . . .     Spirit   .   o - +0 robe {Archmagi}
rPois    .         Reflect  .   p - +0 helmet
rElec    .         Harm     .   B - +1 cloak
rCorr    .         Rampage  .   (gloves unavailable)
Will     .....     Archmagi +   (no boots)
Stlth    ++........             d - amulet of the acrobat
HPRegen  0.22/turn              h - ring of fire
MPRegen  0.18/turn              L - ring of protection from cold

@: mighty
A: claws 3, icy blue scales 1, powered by pain 2, condensation shield
a: Renounce Religion, Channel Magic, Forget Spell


You were on level 11 of the Dungeon.
You worshipped Sif Muna.
Sif Muna was most pleased with you.
You visited 2 branches of the dungeon, and saw 12 of its levels.

You collected 774 gold pieces.
You spent 110 gold pieces at shops.

Inventory:

Hand Weapons
 D - a +0 dagger of distortion
 R - a +0 scimitar of flaming
 T - a +7 great sword of freezing (weapon)
 Y - a +3 spear of venom
Missiles
 i - 8 javelins
 j - 35 poisoned darts
 y - 2 throwing nets
 E - 6 curare-tipped darts
Armour
 o - a +0 robe of the Archmagi (worn)
 p - a +0 helmet (worn)
 A - a +0 buckler
 B - a +1 cloak (worn)
Jewellery
 d - an amulet of the acrobat (around neck)
 h - a ring of fire (left claw)
 m - a ring of willpower
 F - a ring of protection from fire
 L - a ring of protection from cold (right claw)
 M - a ring of protection from cold
Wands
 c - a wand of paralysis (13)
 H - a wand of flame (16)
 U - a wand of acid (5)
 V - a wand of iceblast (6)
Scrolls
 b - 3 scrolls of magic mapping {unknown}
 f - 5 scrolls of enchant weapon {unknown}
 g - a scroll of silence {unknown}
 n - a scroll of teleportation {unknown}
 r - 4 scrolls of vulnerability {unknown}
 s - a scroll of torment {unknown}
 t - 9 scrolls of identify
 v - 4 scrolls of noise {unknown}
 G - 2 scrolls of enchant armour {unknown}
 J - a scroll of blinking {unknown}
 O - a scroll of acquirement
 Z - a scroll of fog {unknown}
Potions
 e - a potion of berserk rage {unknown}
 k - 7 potions of curing {unknown}
 l - a potion of magic {unknown}
 q - 3 potions of lignification {unknown}
 u - a potion of resistance {unknown}
 x - 6 potions of haste
 z - a potion of brilliance {unknown}
 I - 3 potions of ambrosia {unknown}
 K - a potion of cancellation {unknown}
 N - a potion of flight {unknown}
 P - a potion of mutation {unknown}
 Q - a potion of might {unknown}
 S - 2 potions of attraction {unknown}
 W - 2 potions of degeneration {unknown}
 X - a potion of invisibility


   Skills:
 + Level 3.0 Fighting
 - Level 3.0 Long Blades
 + Level 3.9 Dodging
 - Level 2.0 Stealth
 - Level 0.5 Shields
 + Level 8.9 Spellcasting
 * Level 10.4 Conjurations
 + Level 7.6 Fire Magic
 * Level 2.7 Earth Magic


You had 9 spell levels left.
You knew the following spells:

 Your Spells              Type           Power      Damage    Failure   Level
a - Foxfire               Conj/Fire      100%       2x1d9     1%          1
b - Sticky Flame          Conj/Fire      77%        2d9       1%          4
c - Fireball              Conj/Fire      38%        3d16      5%          5
d - Mephitic Cloud        Conj/Pois/Air  32%        N/A       6%          3
e - Bolt of Magma         Conj/Fire/Erth 34%        4d15      13%         5

Your spell library contained the following spells:

 Spells                   Type           Power      Damage    Failure   Level
 Conjure Flame            Conj/Fire      77%        6-21      1%          3
 Inner Flame              Hex/Fire       51%        N/A       5%          3
 Animate Skeleton         Necr           24%        N/A       9%          1
 Apportation              Tloc           24%        N/A       9%          1
 Corona                   Hex            13%        N/A       9%          1
 Freeze                   Ice            48%        1d7       9%          1
 Pain                     Necr           48%        1d6       9%          1
 Summon Small Mammal      Summ           48%        N/A       9%          1
 Ignite Poison            Fire/Tmut/Pois 40%        N/A       9%          3
 Hailstorm                Conj/Ice       42%        3d10      10%         4
 Frozen Ramparts          Ice            24%        1d4       26%         3
 Vampiric Draining        Necr           6%         2d6       26%         3
 Petrify                  Tmut/Erth      20%        N/A       43%         4
 Alistair's Intoxication  Tmut/Pois      8%         N/A       93%         5
 Summon Forest            Summ/Tloc      6%         N/A       93%         5
 Eringya's Noxious Bog    Tmut/Pois      6%         N/A       100%        6
 Invisibility             Hex            6%         N/A       100%        6
 Summon Hydra             Summ           6%         N/A       100%        7
 Borgnjor's Revivificati  Necr           6%         N/A       100%        8


Dungeon Overview and Level Annotations

Branches:
Dungeon (11/15)            Temple (1/1) D:6            Lair (0/6) D:9
    Orc (0/2) D:10

Altars:
Ashenzari
Cheibriados
Dithmenos
Elyvilon
Fedhas
Gozag
Hepliaklqana
Kikubaaqudgha
Makhleb
Nemelex Xobeh
Okawaru
Qazlal
Ru
Sif Muna
Trog
Uskayaw
Vehumet
Wu Jian
Xom
Yredelemnul
Zin
The Shining One

Shops:
D:5 ?   D:7 *   D:10 (*!:[

Annotations:
D:3 wall cache


Innate Abilities, Weirdness & Mutations

You have claws for hands.
You are partially covered in icy blue scales. (AC +2)
You sometimes gain power by taking damage.
A meltable shield of frost defends you. (SH +4)


Message History

The rakshasa is severely wounded.
The foxfire hits the rakshasa!
The rakshasa is almost dead.
Your Fighting skill increases to level 3!
Casting: Foxfire (safe; 1% risk of failure)
Confirm with . or Enter, or press ? or * to list all spells.
Aiming: Fireball (dangerous; 5% risk of failure)
Press: ? - help, Shift-Dir - straight line You feel a strong surge of power!
The fireball explodes!
The fireball engulfs the rakshasa!!
You kill the rakshasa!
The fireball engulfs the komodo dragon!!
You kill the komodo dragon!
The komodo dragon's corpse shimmers and vanishes!
You hear a bellow! x2
Unknown command.
You see here a komodo dragon corpse.
You hit the rakshasa. You freeze the rakshasa.
The rakshasa is severely wounded.
The rakshasa hits you but does no damage.
The rakshasa hits you with a +0 whip!
* * * LOW HITPOINT WARNING * * *
Unknown command.
Casting: Fireball (dangerous; 5% risk of failure)
Confirm with . or Enter, or press ? or * to list all spells.
Aiming: Sticky Flame (dangerous; 1% risk of failure)
Press: ? - help, Shift-Dir - straight line, f - rakshasa
Aim: a rakshasa, wielding a +0 whip and wearing a +0 robe (severely wounded, 100% to hit)
You feel a strong surge of power!
The sticky flame hits the rakshasa.
The rakshasa is severely wounded.
The rakshasa is covered in liquid flames!
The rakshasa burns!
The rakshasa hits you with a +0 whip!
* * * LOW HITPOINT WARNING * * *
You focus on the pain.
You feel mightier all of a sudden.
Unknown command.
You feel much better.
The rakshasa burns!
The rakshasa gestures at you. The lance of force hits you!!
You die...

....................#......#..#
....................#......#..#
....................#......#...
$$............[.....#......#...
....................#..(...####
....................#......#
....................#......#
....................#......#
.............R@†....#......#
#######+##..#..PP.###......#
#...P.P.P.........# #
#....P_PP.........# #
####PPPPP'##......#..#
...PP...........#..#
.....#...........#..#
..#..######......#..# ..#...
#......#.§#


You could see a rakshasa (burning).

Vanquished Creatures
  Erica (D:10)
  2 two-headed ogres
  Pikel (D:5)
  A manticore (D:11)
  An oklob plant (D:10)
  A komodo dragon (D:11)
  A shadow (D:10)
  13 yaks
  A wraith (D:9)
  Menkaure (D:4)
  An acid dragon (D:10)
  A water moccasin (D:8)
  2 orc warriors
  A hornet zombie (D:7)
  A sky beast (D:7)
  An ogre (D:6)
  4 centaurs
  A phantom (D:4)
  3 lemures (D:6)
  2 kobold brigands
  A bullfrog (D:8)
  3 gnoll sergeants
  9 wights
  2 howler monkeys (D:9)
  2 bullfrog zombies
  2 centaur zombies
  An orc priest (D:9)
  2 centaur skeletons (D:5)
  8 jellies
  2 gnoll shamans
  2 hounds
  8 orc wizards
  Terence (D:2)
  2 hound skeletons (D:4)
  A howler monkey zombie (D:7)
  Robin (D:2)
  7 adders
  26 gnolls
  A shadow imp (D:8)
  2 ufetubi
  A dart slug (D:2)
  44 orcs
  9 ball pythons
  23 endoplasms
  3 giant cockroaches
  14 goblins
  9 hobgoblins
  14 jackals
  A quokka (D:1)
  5 bats
  2 frilled lizards (D:1)
  17 kobolds
  6 rats
271 creatures vanquished.

Vanquished Creatures (collateral kills)
  A foxfire (D:11)
1 creature vanquished.

Vanquished Creatures (others)
  1007 foxfires
  3 fungi (D:10)
1010 creatures vanquished.

Grand Total: 1282 creatures vanquished

Notes
Turn   | Place    | Note
-------+----------+-------------------------------------------
     0 | D:1      | rogsnak the Demonspawn Fire Elementalist began the quest
                  | for the Orb.
     0 | D:1      | Reached XP level 1. HP: 13/13 MP: 3/3
   659 | D:1      | Gained mutation: A meltable shield of frost defends you.
                  | (SH +4) [demonic ancestry]
   659 | D:1      | Reached XP level 2. HP: 19/19 MP: 0/5
   714 | D:1      | Found a faded altar of an unknown god.
   872 | D:1      | Reached XP level 3. HP: 24/24 MP: 1/6
  1497 | D:1      | Reached skill level 2 in Conjurations
  2028 | D:2      | Noticed Terence
  2153 | D:2      | Killed Terence
  2154 | D:2      | Gained mutation: You are partially covered in icy blue
                  | scales. (AC +2) [demonic ancestry]
  2154 | D:2      | Reached XP level 4. HP: 30/30 MP: 0/7
  2333 | D:2      | Noticed Robin
  2362 | D:2      | Killed Robin
  2561 | D:2      | Found a blossoming altar of Fedhas.
  2821 | D:2      | Learned a level 4 spell: Sticky Flame
  3254 | D:2      | Gained mutation: You have sharp fingernails. [demonic
                  | ancestry]
  3254 | D:2      | Reached XP level 5. HP: 21/36 MP: 3/9
  4072 | D:3      | Reached skill level 3 in Conjurations
  4777 | D:4      | Noticed Menkaure
  4786 | D:3      | Reached XP level 6. HP: 41/42 MP: 9/11
  4857 | D:4      | Killed Menkaure
  5038 | D:4      | Reached skill level 4 in Conjurations
  5098 | D:4      | Got Conwyras's Compendium of Evil Clay
  5247 | D:4      | Reached XP level 7. HP: 47/47 MP: 9/13
  5406 | D:5      | Entered Level 5 of the Dungeon
  5763 | D:5      | Found Hamucw's Magic Scroll Emporium.
  6388 | D:6      | Noticed Pikel
  6419 | D:5      | Killed Pikel
  6420 | D:5      | Reached skill level 1 in Fighting
  6420 | D:5      | Reached skill level 5 in Spellcasting
  6420 | D:5      | Reached skill level 5 in Conjurations
  6420 | D:5      | Reached skill level 5 in Fire Magic
  6420 | D:5      | Gained mutation: You sometimes gain a little power by
                  | taking damage. [demonic ancestry]
  6420 | D:5      | Reached XP level 8. HP: 33/54 MP: 0/16
  6757 | D:6      | Found a staircase to the Ecumenical Temple.
  6763 | Temple   | Entered the Ecumenical Temple
  6880 | Temple   | Became a worshipper of Sif Muna the Loreminder
  7849 | D:7      | Found Sostroser's Elemental Accessories.
  7864 | D:7      | Noticed a two-headed ogre
  7873 | D:7      | Killed a two-headed ogre
  7874 | D:7      | Reached skill level 6 in Conjurations
  7874 | D:7      | Gained mutation: You have very sharp fingernails. [demonic
                  | ancestry]
  7874 | D:7      | Reached XP level 9. HP: 60/60 MP: 7/18
  8024 | D:7      | Reached skill level 7 in Conjurations
  8183 | D:7      | Reached skill level 8 in Conjurations
  8808 | D:7      | Reached * piety under Sif Muna
  9632 | D:9      | Found a staircase to the Lair.
  9823 | D:9      | Gained mutation: You sometimes gain power by taking damage.
                  | [demonic ancestry]
  9823 | D:9      | Reached XP level 10. HP: 67/67 MP: 11/21
  9825 | D:9      | Reached ** piety under Sif Muna
 10182 | D:9      | Noticed a two-headed ogre
 10377 | D:8      | Learned a level 5 spell: Fireball
 10383 | D:9      | Killed a two-headed ogre
 10384 | D:9      | Reached skill level 1 in Long Blades
 10384 | D:9      | Reached skill level 9 in Conjurations
 10777 | D:9      | Learned a level 3 spell: Mephitic Cloud
 10783 | D:9      | Learned a level 5 spell: Bolt of Magma
 11287 | D:10     | Entered Level 10 of the Dungeon
 11300 | D:10     | Found Ethewe's Book Emporium.
 11310 | D:10     | Found a staircase to the Orcish Mines.
 11330 | D:10     | Noticed Erica
 11624 | D:10     | Killed Erica
 11625 | D:10     | Reached skill level 1 in Earth Magic
 12038 | D:10     | Reached *** piety under Sif Muna
 12234 | D:10     | Found Inaut's Weapon Boutique.
 12286 | D:10     | Found Weah's Distillery.
 12295 | D:10     | Bought a potion of haste for 110 gold pieces
 12343 | D:10     | Found Ofoplep's Antique Armour Emporium.
 12393 | D:10     | Reached skill level 10 in Conjurations
 12668 | D:10     | Found Lewnic's General Store.
 12772 | D:10     | Noticed an oklob plant
 12815 | D:10     | Gained mutation: You have claws for hands. [demonic
                  | ancestry]
 12815 | D:10     | Reached XP level 11. HP: 74/74 MP: 8/23
 12956 | D:10     | Killed an oklob plant
 13245 | D:11     | Noticed a deep elf pyromancer
 13254 | D:11     | Found a blossoming altar of Fedhas.
 13302 | D:11     | Noticed a rakshasa
 13305 | D:11     | Identified a scroll of acquirement
 13314 | D:11     | HP: 3/74 [rakshasa/lance of force (30)]
 13328 | D:11     | HP: 1/75 [rakshasa (17)]
 13329 | D:11     | Killed from afar by a rakshasa

Illustrated notes

Levels and vault maps discovered:
D:1:      nicolae_arrival_memento_mori, layout_basic,
          dreamdust_ecumenical_altar_statues, serial_glass, glass_columns_a,
          glass_columns_a, glass_columns_a, glass_columns_b, glass_columns_a,
          glass_columns_a, glass_columns_c, glass_columns_a
D:2:      layout_basic, basic_altar, minivault_24, uniq_terence, uniq_robin
D:3:      minmay_spotlight, layout_loops_ring, due_unseen_surprise
D:4:      layout_gridville, uniq_menkaure
D:5:      layout_loops_ring, serial_shops, shop
D:6:      layout_loops_corners, minmay_temple_entry_waves, uniq_pikel
D:7:      layout_cave_pools, mainiacjoe_overflow_concentric_impassable,
          nicolae_elemental_shop
D:8:      layout_cave_pools, serial_column_ruins, column_ruins_hut,
          column_ruins_hut_pillars, column_ruins_corridor_straight,
          column_ruins_open_tiny, column_ruins_grid_3, column_ruins_grid_1,
          column_ruins_corridor_water
D:9:      layout_basic, dpeg_oklobed_lair
D:10:     lemuel_slime, layout_irregular_city, orc_david_3, serial_shops,
          nicolae_stop_n_shop_1, kennysheep_mini_moat,
          nicolae_shop_competitors_out_of_business, shop, nicolae_shop_trees,
          uniq_erica
D:11:     layout_grid_maze, portal_ice_cave_demonic_guard, st_stairs_1,
          fedhas_altar_3
Temple:   kilobyte_greek_temple

Skill      XL: |  1  2  3  4  5  6  7  8  9 10 11 |
---------------+----------------------------------+-----
Stealth        | 2 |  2.0
Fire Magic     | 3 4 5 6 7 |  7.6
Dodging        | 2 3 |  3.9
Conjurations   | 2 3 4 5 6 8 10 | 10.4
Spellcasting   | 3 4 5 6 7 8 |  8.9
Fighting       | 1 2 3 |  3.0
Long Blades    | 3 |  3.0
Earth Magic    | 2 |  2.7
Shields        | |  0.5

Action                   |  1- 3 |  4- 6 |  7- 9 | 10-12 || total
-------------------------+-------+-------+-------+-------++-------
Melee: Unarmed           |    18 |       |       |       ||    18
       Club              |    20 |       |       |       ||    20
       Spear             |       |    84 |    71 |       ||   155
       Flail             |       |     1 |       |       ||     1
       Great sword       |       |       |     2 |    47 ||    49
 Cast: Foxfire           |    76 |   120 |   241 |   163 ||   600
       Sticky Flame      |       |       |    11 |    13 ||    24
       Fireball          |       |       |       |    16 ||    16
Evoke: Wand              |       |       |       |     4 ||     4
  Use: Potion            |       |       |       |     2 ||     2
       Scroll            |       |       |       |     1 ||     1
 Stab: Sleeping          |       |     1 |     2 |     1 ||     4
Armor: Robe              |     8 |    28 |    31 |    28 ||    95
Dodge: Dodged            |    34 |    55 |    66 |    49 ||   204
Block: Other             |     1 |    14 |    19 |    10 ||    44
       Rpst.: Great sword |       |       |     4 |     9 ||    13
